 Dungeon Crawl Stone Soup version 0.19.4-9-g45fd643 (webtiles) character file.

163 galech the Ruffian (level 5, -2/53 HPs)
             Began as a Troll Monk on Feb 20, 2017.
             Slain by Agrougrou's ghost (8 damage)
             ... in a sewer.
             The game lasted 00:03:37 (1868 turns).

galech the Ruffian (Troll Monk)                     Turns: 1868, Time: 00:03:38

Health: -2/53      AC:  5    Str: 20    XL:     5   Next: 20%
Magic:  4/4        EV: 11    Int:  9    God:
Gold:   65         SH:  0    Dex: 12    Spells: 0 memorised, 4 levels left

rFire  . . .     SeeInvis .       - Unarmed
rCold  . . .     Gourm    +     a - +0 robe
rNeg   . . .     Faith    .     (no shield)
rPois  .         Spirit   .     (helmet restricted)
rElec  .         Reflect  .     (no cloak)
rCorr  .         Harm     .     (gloves unavailable)
MR     .....                    (boots unavailable)
Stlth  ++........               e - amulet of rage
                                (no ring)
                                d - +3 ring of intelligence

@: no status effects
A: unfitting armour, claws 3, fast metabolism 3, gourmand, regeneration 1,
shaggy fur 1, tough skin 2
a: Evoke Berserk Rage


You were in a sewer.
You were completely stuffed.

You visited 1 branch of the dungeon, and saw 3 of its levels.
You also visited: Sewer.

You collected 65 gold pieces.

Inventory:

Armour
 a - a +0 robe (worn)
Jewellery
 d - a +3 ring of intelligence (left claw)
 e - an amulet of rage (around neck)
Scrolls
 c - 2 scrolls of identify
 g - 2 scrolls of enchant weapon
 k - 3 scrolls of teleportation
Potions
 f - 2 potions of degeneration {unknown}
 h - 2 potions of heal wounds {unknown}
 l - a potion of might {unknown}
 m - a potion of cure mutation {unknown}
Comestibles
 b - 3 bread rations
 i - 5 chunks of flesh
 j - a meat ration


   Skills:
 + Level 3.3 Fighting
 + Level 3.3 Dodging
 - Level 1.0 Stealth
 + Level 4.4 Unarmed Combat


You had 4 spell levels left.
You didn't know any spells.

Dungeon Overview and Level Annotations

Branches:
Dungeon (3/15)

Altars:

Annotations:
Sewer Agrougrou's ghost, novice OgFi


Innate Abilities, Weirdness & Mutations

You are too large for most types of armour.
You have claws for hands.
Your metabolism is lightning-fast.
You like to eat raw meat.
Your natural rate of healing is unusually fast.
You are covered in fur. (AC +1)
You have very tough skin. (AC +2)


Message History

Agrougrou's ghost hits you but does no damage.
You claw Agrougrou's ghost!
Agrougrou's ghost is almost destroyed.
Agrougrou's ghost hits you!
* * * LOW HITPOINT WARNING * * *
You are too injured to fight recklessly!
You are too injured to fight recklessly!
You are too injured to fight recklessly!
You are too injured to fight recklessly!
You are too injured to fight recklessly!
You are too injured to fight recklessly!
You are too injured to fight recklessly!
You are too injured to fight recklessly!
You are too injured to fight recklessly!
You are too injured to fight recklessly!
You are too injured to fight recklessly!
You completely miss Agrougrou's ghost.
Agrougrou's ghost is almost destroyed.
Agrougrou's ghost hits you!
You die...

####### ########.....#
########....≈≈≈.≈≈≈.###
#.∩.∩..≈≈≈≈≈≈≈≈≈≈≈≈≈≈≈≈
########...≈≈≈≈≈≈≈≈.###
########.≈≈≈.#
#############≈≈≈≈≈#
........@.≈≈≈≈≈≈≈.#
≈≈≈≈≈≈≈≈Wl≈≈≈≈≈≈≈.#
≈≈≈≈≈≈≈≈≈≈≈≈≈≈≈≈≈.#
≈≈≈≈≈≈≈≈l≈≈≈≈≈≈≈≈≈#
≈≈..........≈≈≈≈≈≈#
≈≈≈≈≈≈#######.≈≈≈.#
≈≈≈≈≈≈ #≈≈≈≈.# ≈≈≈≈≈≈
.≈≈≈.#


You could see Agrougrou's ghost, a leopard gecko and a frilled lizard.

Vanquished Creatures
  An orc priest (D:3)
  An orc wizard (D:3)
  3 adders
  2 worms
  3 dart slugs
  A leopard gecko (D:1)
  3 orcs (D:3)
  9 bats
  6 giant cockroaches
  9 goblins
  4 hobgoblins
  8 jackals (D:2)
  A ball python (Sewer)
  2 frilled lizards
  4 kobolds
  7 rats
64 creatures vanquished.

Notes
Turn   | Place    | Note
-------+----------+-------------------------------------------
     0 | D:1      | galech the Troll Monk began the quest for the Orb.
     0 | D:1      | Reached XP level 1. HP: 22/22 MP: 0/0
    84 | D:1      | Reached XP level 2. HP: 29/29 MP: 1/1
   744 | D:2      | Reached XP level 3. HP: 36/36 MP: 2/2
  1518 | D:3      | Reached XP level 4. HP: 42/44 MP: 3/3
  1696 | D:3      | Reached skill level 4 in Unarmed Combat
  1743 | D:3      | Reached XP level 5. HP: 40/53 MP: 4/4
  1804 | D:3      | Found a glowing drain.
  1812 | Sewer    | Entered a sewer
  1854 | Sewer    | Noticed Agrougrou's ghost (novice OgFi)
  1868 | Sewer    | Slain by Agrougrou's ghost

Skill      XL: |  1  2  3  4 |
---------------+-------------+-----
Dodging        | 3 |  3.3
Unarmed Combat | 4 |  4.4
Fighting       | 3 |  3.3
Stealth        | |  1.0

Action                   |  1- 3 |  4- 6 || total
-------------------------+-------+-------++-------
Melee: Unarmed           |   139 |    65 ||   204
       Punch             |       |     1 ||     1
  Use: Scroll            |     3 |       ||     3
 Stab: Sleeping          |     1 |       ||     1
  Eat: Chunk             |    19 |     4 ||    23
Armor: Robe              |    67 |    28 ||    95
Dodge: Dodged            |    85 |    61 ||   146
